 Dungeon Crawl Stone Soup version 0.28-a0-1429-gf3d713df7a (webtiles) character file.

Game seed: 4478938180373844894

2095 dracfodder the Destroyer (level 9, 0/55 HPs)
             Began as a Human Conjurer on Jan 9, 2022.
             Was a Follower of Vehumet.
             Slain by an orc knight (13 damage)
             ... in a bailey.
             The game lasted 00:43:29 (9056 turns).

dracfodder the Destroyer (Human Conjurer)           Turns: 9056, Time: 00:43:29

Health: 0/55       AC:  5    Str:  8    XL:     9   Next: 52%
Magic:  3/16       EV: 17    Int: 23    God:    Vehumet [*.....]
Gold:   323        SH:  0    Dex: 11    Spells: 4/18 levels left

rFire   . . .      SeeInvis +   b - +1 trident (venom)
rCold   . . .      Faith    .   (no shield)
rNeg    . . .      Spirit   .   q - +0 robe
rPois   .          Reflect  .   (no helmet)
rElec   .          Harm     .   f - +0 cloak
rCorr   .          Rampage  .   B - +1 pair of gloves
Will    .....      Clarity  +   (no boots)
Stlth   +++.......              (no amulet)
HPRegen 0.18/turn               e - +4 ring of evasion
MPRegen 0.15/turn               u - ring of see invisible

@: studying Throwing
A: clarity, frail 1
a: Renounce Religion


You were in a bailey.
You worshipped Vehumet.
Vehumet was aware of your devotion.
You visited 1 branch of the dungeon, and saw 7 of its levels.
You also visited: Bailey.

You collected 323 gold pieces.

Inventory:

Hand Weapons
 a - a +0 hunting sling
 b - a +1 trident of venom (weapon)
 i - a +4 vorpal flail
Missiles
 d - 17 poisoned darts
 g - 90 stones
 h - 6 curare-tipped darts
 j - 45 bolts
 r - 35 sling bullets
 s - 8 boomerangs
 y - 38 arrows
Armour
 f - a +0 cloak (worn)
 q - a +0 robe (worn)
 B - a +1 pair of gloves (worn)
Jewellery
 c - a ring of fire
 e - a +4 ring of evasion (left hand)
 k - a ring of positive energy
 n - a +6 ring of dexterity
 o - a +6 ring of strength
 u - a ring of see invisible (right hand)
Wands
 l - a wand of flame (17)
 p - a wand of paralysis (13)
Scrolls
 v - 3 scrolls of teleportation
Potions
 m - 4 potions of curing {unknown}
 t - a potion of might {unknown}
 w - 2 potions of flight {unknown}
 z - 2 potions of ambrosia {unknown}
 C - a potion of lignification {unknown}
 D - a potion of magic {unknown}


   Skills:
 + Level 2.6 Fighting
 + Level 0.3 Maces & Flails
 + Level 2.8 Polearms
 + Level 1.3 Throwing
 + Level 3.7 Dodging
 + Level 4.5 Stealth
 + Level 5.3 Spellcasting
 * Level 9.1 Conjurations


You had 4 spell levels left.
You knew the following spells:

 Your Spells              Type           Power      Damage    Failure   Level
a - Magic Dart            Conj           100%       1d8       1%          1
b - Searing Ray           Conj           96%        2d7       1%          2
c - Dazzling Flash        Conj/Hex       54%        N/A       4%          3
d - Fulminant Prism       Conj/Hex       13%        3d9       14%         4
e - Iskenderun's Mystic   Conj/Tloc      27%        2d7       14%         4

Your spell library contained the following spells:

 Spells                   Type           Power      Damage    Failure   Level
 Freeze                   Ice            24%        1d5       10%         1


Dungeon Overview and Level Annotations

Branches:
Dungeon (7/15)             Temple (0/1) D:5          Bailey (1/1)

Altars:
Dithmenos
Gozag
Nemelex Xobeh
Okawaru
Ru
Vehumet
Zin
The Shining One

Shops:
D:3 *

Annotations:
D:6 Menkaure
D:7 Maggie


Innate Abilities, Weirdness & Mutations

You possess an exceptional clarity of mind.
You are frail. (-10% HP)


Message History

The orc knight is lightly wounded.
The searing ray misses the goblin.
Your magical contamination has completely faded away.
The searing ray hits the orc warrior.
The orc warrior is severely wounded.
The searing ray hits the orc knight.
The orc knight is moderately wounded.
The searing ray hits the orc!
You kill the orc!
Vehumet accepts your kill.
You feel your power returning. The orc warrior completely misses you.
The searing ray hits the orc warrior!
You kill the orc warrior!
Vehumet accepts your kill.
You feel your power returning.
The searing ray hits the orc knight.
The orc knight is moderately wounded.
You finish channelling your searing ray.
Unknown command.
Aiming: Searing Ray (safe; 1% risk of failure)
Press: ? - help, Q - select action, (/) - cycle Shift-Dir - straight line, f - goblin
Aim: a goblin, wielding a +0 hand axe and wearing a +0 leather armour (79% to hit)
The searing ray misses the goblin.
The searing ray hits the orc knight!
The orc knight is moderately wounded. (Press . to maintain the ray.)
The goblin completely misses you.
The searing ray hits the goblin!
You kill the goblin!
Vehumet accepts your kill.
You feel your power returning.
The searing ray hits the orc knight!
The orc knight is heavily wounded.
The searing ray hits the orc knight.
The orc knight is heavily wounded.
The orc knight hits you with a +4 war axe!!
The searing ray hits the orc knight.
The orc knight is heavily wounded.
You finish channelling your searing ray.
The orc knight hits you with a +4 war axe!
* * * LOW HITPOINT WARNING * * *
The orc knight hits you with a +4 war axe!
You die...

#+## #..#
#..# #..#
#.)# ..# ##o#
#.@# #.8#
#..# #.8####
#.....#######
#.8...#.....#
#.....#.....#
####..#..⌠..#
#..).....+


You could see an orc knight.

Vanquished Creatures
  Prince Ribbit (D:6)
  Sigmund (D:4)
  Edmund (D:5)
  A necrophage (D:5)
  A black bear (D:6)
  2 orc warriors (Bailey)
  2 centaurs (D:5)
  A phantom (D:5)
  A kobold brigand (D:7)
  Blork the orc (D:4)
  3 scorpions (D:5)
  A water moccasin zombie (D:5)
  A water moccasin skeleton (D:5)
  A howler monkey (D:5)
  An electric eel (Bailey)
  An orc priest (D:4)
  Crazy Yiuf (D:5)
  A centaur skeleton (D:6)
  3 hounds
  A gnoll shaman (D:6)
  An iguana (D:4)
  Natasha (D:2)
  An orc wizard (D:4)
  9 gnolls
  5 adders
  A white imp (D:6)
  An adder skeleton (D:5)
  2 worms (D:2)
  2 dart slugs
  11 orcs
  6 ball pythons
  3 endoplasms
  3 giant cockroaches
  15 hobgoblins
  3 jackals (D:2)
  6 kobolds
  4 quokkas
  5 bats
  7 frilled lizards
  16 goblins
  A rat (D:1)
129 creatures vanquished.

Notes
Turn   | Place    | Note
-------+----------+-------------------------------------------
     0 | D:1      | dracfodder the Human Conjurer began the quest for the Orb.
     0 | D:1      | Reached XP level 1. HP: 13/13 MP: 3/3
   149 | D:1      | Found a faded altar of an unknown god.
   210 | D:1      | Reached XP level 2. HP: 19/19 MP: 0/5
   215 | D:1      | Learned a level 2 spell: Searing Ray
   979 | D:1      | Reached XP level 3. HP: 24/24 MP: 2/6
  1859 | D:3      | Noticed Natasha
  1865 | D:2      | Reached skill level 5 in Conjurations
  1893 | D:2      | Learned a level 3 spell: Dazzling Flash
  2225 | D:2      | Reached XP level 4. HP: 30/30 MP: 2/7
  2698 | D:2      | Killed Natasha
  2843 | D:3      | Found a glowing silver altar of Zin.
  2916 | D:3      | Found Zin's Purification Station.
  3146 | D:3      | Reached XP level 5. HP: 28/35 MP: 3/8
  3361 | D:3      | Found a sparkling altar of Nemelex Xobeh.
  3643 | D:3      | Found a glowing golden altar of the Shining One.
  4069 | D:4      | Reached skill level 6 in Conjurations
  4069 | D:4      | Reached XP level 6. HP: 41/41 MP: 5/10
  4344 | D:5      | Entered Level 5 of the Dungeon
  4517 | D:4      | Found a radiant altar of Vehumet.
  4531 | D:4      | Became a worshipper of Vehumet
  5243 | D:4      | Noticed Sigmund
  5255 | D:4      | Killed Sigmund
  5256 | D:4      | Reached XP level 7. HP: 37/47 MP: 3/12
  5364 | D:4      | Found an iron altar of Okawaru.
  5581 | D:4      | Noticed Blork the orc
  5586 | D:4      | Killed Blork the orc
  5723 | D:5      | Reached skill level 7 in Conjurations
  6065 | D:5      | Found a staircase to the Ecumenical Temple.
  6078 | D:5      | Reached skill level 1 in Polearms
  6078 | D:5      | Reached XP level 8. HP: 38/53 MP: 7/14
  6179 | D:5      | Reached skill level 1 in Fighting
  6243 | D:6      | Noticed Menkaure
  6276 | D:5      | Noticed Edmund
  6297 | D:5      | Killed Edmund
  6533 | D:5      | Found a runed translucent door.
  6534 | D:5      | Noticed Crazy Yiuf
  6631 | D:5      | Reached skill level 8 in Conjurations
  6947 | D:5      | Found a sacrificial altar of Ru.
  6960 | D:5      | Found an opulent altar of Gozag.
  7276 | D:5      | Learned a level 4 spell: Fulminant Prism
  7281 | D:5      | Learned a level 4 spell: Iskenderun's Mystic Blast
  7306 | D:6      | Noticed Prince Ribbit
  7312 | D:6      | Reached * piety under Vehumet
  7312 | D:6      | Offered knowledge of Freeze by Vehumet.
  7404 | D:6      | Killed Prince Ribbit
  7405 | D:6      | Reached XP level 9. HP: 32/61 MP: 2/16
  7932 | D:5      | Killed Crazy Yiuf
  8193 | D:6      | Gained mutation: You are frail. (-10% HP) [potion of
                  | mutation]
  8193 | D:6      | Gained mutation: You possess an exceptional clarity of
                  | mind. [potion of mutation]
  8207 | D:6      | Reached skill level 5 in Spellcasting
  8356 | D:7      | Reached skill level 1 in Throwing
  8399 | D:7      | Found a shadowy altar of Dithmenos.
  8406 | D:7      | Noticed Maggie
  8460 | D:7      | Found a flagged portal.
  8490 | Bailey   | Entered a bailey
  8518 | Bailey   | HP: 2/55 [electric eel/bolt of electricity (15)]
  8832 | Bailey   | Reached skill level 9 in Conjurations
  9041 | Bailey   | Noticed an orc knight
  9056 | Bailey   | Slain by an orc knight

Illustrated notes

Levels and vault maps discovered:
D:1:      sevenhm_arrival_forest_fort_small_3, layout_loops_ring,
          shapermc_ecumenical_altar_gd, hangedman_abyss_or_decor_lesser_grid,
          st_stairs_11, columned_hall_lemuel
D:2:      layout_loops_ring, minmay_misc_feat_cross
D:3:      layout_basic, nicolae_tso_swordbearing_angel, zin_purify,
          marbit_many_paths, hex_medium, wander_ebering_terrifying_dragon_lair,
          uniq_natasha
D:4:      layout_loops_corners, mainiacjoe_overflow_alcove_2,
          vehumet_altar_wand_db, st_stairs_2, uniq_sigmund, uniq_blork_the_orc
D:5:      layout_loops_ring, mainiacjoe_overflow_catch_the_wave,
          minmay_temple_entry_statues_fountains, serial_rivers,
          chequers_serial_rivers_small_b, chequers_serial_rivers_small_b,
          chequers_serial_rivers_marsh, chequers_serial_rivers_micro_b,
          chequers_serial_rivers_micro_c, chequers_serial_rivers_micro_d,
          minmay_manual_mares, uniq_crazy_yiuf_cottage, uniq_edmund
D:6:      layout_cave_pools, makhleb_grotto_becter, uniq_menkaure,
          uniq_prince_ribbit1
D:7:      layout_loops_cross, doesnt_xom_only_xom,
          mainiacjoe_overflow_boulevard, gammafunk_ghost_split, enter_bailey_5,
          serial_shops, nicolae_square_shop, kennysheep_generic_room_11,
          uniq_maggie
Bailey:   bailey_axe_of_yendor_kennysheep, bailey

Skill      XL: |  1  2  3  4  5  6  7  8  9 |
---------------+----------------------------+-----
Conjurations   | 5 6 7 8 9 |  9.1
Spellcasting   | 3 4 5 |  5.3
Stealth        | 3 4 |  4.5
Polearms       | 1 2 |  2.8
Fighting       | 2 |  2.6
Dodging        | 3 |  3.7
Throwing       | 1 |  1.3
Maces & Flails | |  0.3

Action                   |  1- 3 |  4- 6 |  7- 9 || total
-------------------------+-------+-------+-------++-------
Melee: Club              |     6 |       |       ||     6
       Trident           |       |     9 |    24 ||    33
 Fire: Hunting sling     |       |     3 |       ||     3
Throw: Boomerang         |       |       |     6 ||     6
       Dart              |       |       |     2 ||     2
 Cast: Magic Dart        |    26 |    49 |    25 ||   100
       Searing Ray       |    16 |    17 |    41 ||    74
       Dazzling Flash    |       |       |     1 ||     1
  Use: Scroll            |     3 |     3 |     3 ||     9
       Potion            |       |       |     3 ||     3
Armor: Robe              |     3 |     2 |    12 ||    17
Dodge: Dodged            |     3 |    33 |    63 ||    99

Table legend: (Time is in decaauts)
 A = Elapsed time spent in this place.
 B = Non-inter-level travel time spent in this place.
 C = Inter-level travel time spent in this place.
 D = Time resting spent in this place.
 E = Time spent auto-exploring this place.
 F = Levels seen in this place.
 G = Mean time per level.
                   A        B        C        D        E       F      G
               +--------+--------+--------+--------+--------+-----+--------+
         Total |   9081 |   8813 |    268 |   3965 |   3318 |   8 | 1135.1 |
       Dungeon |   8515 |   8247 |    268 |   3501 |   3318 |   7 | 1216.4 |
        Bailey |    566 |    566 |      0 |    464 |      0 |   1 |  566.0 |
               +--------+--------+--------+--------+--------+-----+--------+

Top non-repeatable levels by time:
     D:5: 2428 daAuts
     D:4: 1719 daAuts
     D:1: 1697 daAuts
     D:3: 1165 daAuts
     D:2: 1130 daAuts
  Bailey: 566 daAuts
     D:6: 214 daAuts
     D:7: 159 daAuts
